 Dungeon Crawl Stone Soup version 0.31-a0-986-g5e6e4ef867 (webtiles) character file.

Game seed: 87913564152428164

59 AppTheSpectato the Caller (level 3, -3/19 HPs)
             Began as a Deep Elf Summoner on Nov 10, 2023.
             Was an Initiate of Elyvilon.
             Slain by an ogre
             ... wielding a +0 giant club
              (22 damage)
             ... on level 3 of the Dungeon.
             The game lasted 00:07:33 (2149 turns).

AppTheSpectato the Caller (Deep Elf Summoner)       Turns: 2149, Time: 00:07:33

Health: -3/19      AC:  2    Str:  5    XL:     3   Next: 78%
Magic:  10/10      EV: 13    Int: 21    God:    Elyvilon [......]
Gold:   81         SH:  0    Dex: 15    Spells: 4/10 levels left

rFire   . . .        e - +1 hand axe (flame)
rCold   . . .        (no shield)
rNeg    . . .        a - +0 robe
rPois   .            (no helmet)
rElec   .            (no cloak)
rCorr   .            (no gloves)
SInv    .            (no boots)
Will    .....        (no amulet)
Stlth   ++           c - ring of wizardry
HPRegen 0.23/turn    (no ring)
MPRegen 0.12/turn

%: wizardry (x1)
@: no status effects
A: no striking features
a: Renounce Religion


You were on level 3 of the Dungeon.
You worshipped Elyvilon.
Elyvilon was noncommittal.
You visited 1 branch of the dungeon, and saw 3 of its levels.

You collected 81 gold pieces.

Inventory:

Hand Weapons
 e - a +1 hand axe of flaming (weapon)
Armour
 a - a +0 robe (worn)
Magical Staves
 l - a staff of air
Jewellery
 c - a ring of wizardry (left hand)
 i - an amulet of faith
Scrolls
 j - a scroll of amnesia {unknown}
 k - a scroll of teleportation
 m - a scroll of vulnerability
Potions
 b - a potion of magic
 f - a potion of mutation
 g - a potion of heal wounds
 h - a potion of curing


   Skills:
 - Level 3.0 Dodging
 - Level 3.0 Stealth
 + Level 4.0 Spellcasting
 + Level 0.5 Hexes
 + Level 4.9 Summonings
 + Level 0.3 Air Magic


You had 4 spell levels left.
You knew the following spells:

 Your Spells              Type           Power      Damage    Failure   Level
a - Summon Small Mammal   Summ           100%       N/A       1%          1
b - Call Imp              Summ           50%        N/A       1%          2
c - Call Canine Familiar  Summ           25%        N/A       1%          3

Your spell library contained the following spells:

 Spells                   Type           Power      Damage    Failure   Level
 Summon Guardian Golem    Hex/Summ       15%        N/A       4%          3
 Sigil of Binding         Hex            6%         N/A       12%         3
 Summon Lightning Spire   Summ/Air       15%        N/A       16%         4
 Dimensional Bullseye     Hex/Tloc       2%         N/A       38%         4
 Leda's Liquefaction      Hex/Erth       2%         N/A       38%         4


Dungeon Overview and Level Annotations

Branches:
Dungeon (3/15)

Altars:
Elyvilon


Message History

Your hound's corpse disappears in a puff of smoke!
Your rat disappears in a puff of smoke!
Your quokka disappears in a puff of smoke!
HP restored.
m - a scroll labelled HATTEM VAMMALI You open the door.
There is an open door here.
Found a stone staircase leading down.
As you read the scroll of identify, it crumbles to dust.
f - a potion of mutation
As you read the scroll of identify, it crumbles to dust.
h - a potion of curing
As you read the scroll of identify, it crumbles to dust.
m - a scroll of vulnerability A bat comes into view.
Found a quarterstaff.
There is a stone staircase leading down here.
A bat is nearby!
The bat hits your hound but does no damage.
Your hound closely misses the bat.
The bat closely misses your hound. The bat barely misses your quokka.
Your hound closely misses the bat.
A bat is nearby!
Your hound misses the bat.
Your quokka closely misses the bat.
The bat barely misses you. The bat closely misses your hound.
Your quokka bites the bat.
The bat dies!
Your hound disappears in a puff of smoke!
Your rat disappears in a puff of smoke!
Your quokka disappears in a puff of smoke!
Found a flail.
You see here a bat corpse.
An ogre comes into view. It is wielding a +0 giant club.
Found an amethyst potion.
The ogre shouts!
You see here a bat corpse.
The ogre attacks as it pursues you!
The ogre hits you with a +0 giant club!!
Ouch! That really hurt!
You die...

#.....# #.....#
######.....##
..).........#
............#
.........†.>#
!......####.###.#
....... #O....#
....... #@#####
....... #.##
....... #..####
....... #.....#
####### ###.≈≈≈.#
##########...≈$≈.#
#.......##.#.≈≈≈.#
#.......##.......#
#.......'..#######


You could see an ogre.

Vanquished Creatures
  A ball python (D:2)
  An endoplasm (D:1)
  A giant cockroach (D:2)
3 creatures vanquished.

Vanquished Creatures (collateral kills)
  An adder (D:3)
  2 worms (D:2)
  3 dart slugs (D:2)
  An orc (D:3)
  A ball python (D:2)
  3 endoplasms
  4 goblins
  A hobgoblin (D:2)
  2 jackals (D:1)
  2 kobolds (D:2)
  4 quokkas
  2 bats
  3 frilled lizards
  2 rats (D:1)
31 creatures vanquished.

Grand Total: 34 creatures vanquished

Notes
Turn   | Place    | Note
-------+----------+-------------------------------------------
     0 | D:1      | AppTheSpectato the Deep Elf Summoner began the quest for
                  | the Orb.
     0 | D:1      | Reached XP level 1. HP: 10/10 MP: 6/6
   269 | D:1      | Reached XP level 2. HP: 15/15 MP: 5/8
   272 | D:1      | Learned a level 2 spell: Call Imp
   481 | D:1      | You fall into a shaft and drop 1 floor!
   919 | D:2      | Reached XP level 3. HP: 19/19 MP: 6/10
  1239 | D:2      | Found a white marble altar of Elyvilon.
  1245 | D:2      | Became a worshipper of Elyvilon the Healer
  1368 | D:2      | Learned a level 3 spell: Call Canine Familiar
  2143 | D:3      | Noticed an ogre
  2149 | D:3      | Slain by an ogre

Illustrated notes

Levels and vault maps discovered:
D:1:      kilobyte_arrival_exit_the_forest, layout_basic,
          hangedman_feature_mirror, minmay_circled_x
D:2:      layout_basic, basic_altar, serial_forest, infiniplex_forest_fountain,
          infiniplex_forest_clump_large, infiniplex_forest_clump_double,
          infiniplex_forest_clump_double, infiniplex_forest_lined_4_way,
          infiniplex_forest_diagonal, infiniplex_forest_clump_double,
          infiniplex_forest_end_1, infiniplex_forest_zigzag_2
D:3:      layout_basic, lemuel_tele_altar, corexii_item_surrounded_by_moat,
          uniq_natasha

Skill      XL: |  1  2  3 |
---------------+----------+-----
Stealth        | 3 |  3.0
Dodging        | 3 |  3.0
Spellcasting   | 4 |  4.0
Hexes          | |  0.5
Summonings     | |  4.9
Air Magic      | |  0.3

Action                     || total
---------------------------++-------
  Melee: Unarmed           ||     2
         Hand axe          ||    11
         Punch             ||     1
   Cast: Summon Small Mamm ||    52
         Call Imp          ||    13
         Call Canine Famil ||     8
    Use: Scroll            ||     7
 Armour: Robe              ||    12
  Dodge: Dodged            ||    16

Table legend: (Time is in decaauts)
 A = Elapsed time spent in this place.
 B = Non-inter-level travel time spent in this place.
 C = Inter-level travel time spent in this place.
 D = Time resting spent in this place.
 E = Time spent auto-exploring this place.
 F = Levels seen in this place.
 G = Mean time per level.
                   A        B        C        D        E       F      G
               +--------+--------+--------+--------+--------+-----+--------+
         Total |   2155 |   2125 |     30 |     37 |   1651 |   3 |  718.3 |
       Dungeon |   2155 |   2125 |     30 |     37 |   1651 |   3 |  718.3 |
               +--------+--------+--------+--------+--------+-----+--------+

Top non-repeatable levels by time:
     D:2: 1473 daAuts
     D:1: 485 daAuts
     D:3: 196 daAuts
